 Dungeon Crawl Stone Soup version 0.31-a0-1291-g5386780bc2 (webtiles) character file.

Game seed: 8088423681023148879

37 Colgate the Sneak (level 3, -2/21 HPs)
             Began as a Kobold Brigand on Dec 18, 2023.
             Slain by an adder (3 damage)
             ... on level 2 of the Dungeon.
             The game lasted 00:01:13 (1004 turns).

Colgate the Sneak (Kobold Brigand)                  Turns: 1004, Time: 00:01:13

Health: -2/21      AC:  3    Str:  8    XL:     3   Next: 62%
Magic:  3/3        EV: 14    Int: 12    God:
Gold:   41         SH:  0    Dex: 18    Spells: 2/2 levels left

rFire   . . .        a - +2 dagger
rCold   . . .        (no shield)
rNeg    . . .        b - +0 robe
rPois   .            (no helmet)
rElec   .            c - +0 cloak
rCorr   .            (no gloves)
SInv    .            (no boots)
Will    .....        (no amulet)
Stlth   ++++         (no ring)
HPRegen 0.23/turn    (no ring)
MPRegen 0.08/turn

%: no passive effects
@: no status effects
A: small, no large weapons, nightstalker 3
a: no special abilities


You were on level 2 of the Dungeon.
You visited 1 branch of the dungeon, and saw 2 of its levels.

You collected 41 gold pieces.

Inventory:

Hand Weapons
 a - a +2 dagger (weapon)
Missiles
 d - 9 poisoned darts (quivered)
 e - a curare-tipped dart
 h - 3 boomerangs
Armour
 b - a +0 robe (worn)
 c - a +0 cloak (worn)
Scrolls
 f - 3 scrolls of blinking {unknown}
 g - a scroll of poison {unknown}
 j - a scroll of identify {unknown}
Potions
 i - a potion of attraction {unknown}


   Skills:
 - Level 2.1 Fighting
 - Level 4.0 Short Blades
 - Level 2.1 Throwing
 - Level 1.2 Dodging
 + Level 6.2 Stealth


You had 2 spell levels left.
You didn't know any spells.
Your spell library was empty.

Dungeon Overview and Level Annotations

Branches:
Dungeon (2/15)

Altars:


Innate Abilities, Weirdness & Mutations

You are small and have problems with some larger weapons.
You are completely attuned to the shadows.


Message History

No target in view!
You see here the felid corpse of Natasha.
An adder comes into view.
A worm comes into view.
Found a scroll labelled DOXOSK BERCHI and 3 stones.
The adder hisses angrily.
The adder barely misses you. The worm bites you!
Ouch! That really hurt!
You are too injured to fight recklessly!
The adder attacks as it pursues you! The adder closely misses you.
The adder barely misses you. The adder attacks as it pursues you!
The adder bites you.
You are poisoned.
The adder poisons you!
You feel sick.
Found a metallic green potion.
You feel sick.
You barely miss the adder.
The adder bites you but does no damage. x2
You hit the adder.
You feel sick. The adder bites you but does no damage.
Throw: 3 darts (curare)
Press: ? - help, Shift-Dir - straight line, f - adder
Aim: an adder (heavily wounded, 42% to hit)
You throw a curare-tipped dart.
The curare-tipped dart barely misses the adder.
The curare-tipped dart hits the worm.
The worm is poisoned.
The worm convulses.
The worm seems to slow down.
You feel sick. The adder bites you.
* * * LOW HITPOINT WARNING * * *
Throw: 2 darts (curare)
Press: ? - help, Shift-Dir - straight line, f/p - adder
Aim: an adder (heavily wounded, 42% to hit)
You throw a curare-tipped dart.
The curare-tipped dart barely misses the adder.
The curare-tipped dart hits the worm.
The worm looks as sick as possible!
The worm convulses.
The worm seems to be slow for longer.
* * * LOW HITPOINT WARNING * * *
You feel sick.
You are no longer poisoned.
The adder bites you.
You die...

#.....##
##.....##.#
......#
#........#
#.#####
##.####### #.#
##..... #
##...##.
##.#...#
#.##..#..
#.####.##.....
....@Sw......
....###.##..
!..#......?.
#..#.....#..
.. .........
#.(...#.#
#.....#.#


You could see a worm (extremely poisoned, slow) and an adder.

Vanquished Creatures
  Natasha (D:2)
  An endoplasm (D:1)
  A goblin (D:1)
  A hobgoblin (D:1)
  A quokka (D:1)
  4 bats
  A frilled lizard (D:1)
  2 kobolds (D:1)
  2 rats (D:1)
14 creatures vanquished.

Notes
Turn   | Place    | Note
-------+----------+-------------------------------------------
     0 | D:1      | Colgate the Kobold Brigand began the quest for the Orb.
     0 | D:1      | Reached XP level 1. HP: 12/12 MP: 1/1
   373 | D:1      | Reached XP level 2. HP: 17/17 MP: 2/2
   713 | D:1      | Found a faded altar of an unknown god.
   976 | D:2      | Noticed Natasha
   980 | D:2      | Killed Natasha
   981 | D:2      | Reached skill level 6 in Stealth
   981 | D:2      | Reached XP level 3. HP: 21/21 MP: 3/3
  1004 | D:2      | HP: 1/21 [poisoned by an adder]
  1004 | D:2      | Slain by an adder

Illustrated notes

Levels and vault maps discovered:
D:1:      saegor_arrival_simple_b, layout_loops_ring,
          shapermc_ecumenical_altar_hornbeckon, serial_aquarium,
          aquarium_bridge_square [aquarium_subvault_bridge,
          aquarium_subvault_bridge, aquarium_subvault_bridge,
          aquarium_subvault_window], aquarium_bridge_long_separate
          [aquarium_subvault_window, aquarium_subvault_window,
          aquarium_subvault_bridge, aquarium_subvault_window,
          aquarium_subvault_bridge, aquarium_subvault_wall], aquarium_window_1,
          aquarium_window_1, aquarium_window_2, aquarium_window_2,
          aquarium_view_2c, aquarium_view_2d, aquarium_pool_2
D:2:      layout_loops_corners, basic_altar, uniq_crazy_yiuf_cottage,
          uniq_natasha

Skill      XL: |  1  2 |
---------------+-------+-----
Short Blades   | 3 4 |  4.0
Stealth        | 6 |  6.2
Fighting       | |  2.1
Throwing       | |  2.1
Dodging        | |  1.2

Action                     || total
---------------------------++-------
  Melee: Dagger            ||    35
  Throw: Dart              ||     2
   Stab: Sleeping          ||     9
 Armour: Robe              ||    13
  Dodge: Dodged            ||    23

Table legend: (Time is in decaauts)
 A = Elapsed time spent in this place.
 B = Non-inter-level travel time spent in this place.
 C = Inter-level travel time spent in this place.
 D = Time resting spent in this place.
 E = Time spent auto-exploring this place.
 F = Levels seen in this place.
 G = Mean time per level.
                   A        B        C        D        E       F      G
               +--------+--------+--------+--------+--------+-----+--------+
         Total |   1005 |   1001 |      4 |      0 |    909 |   2 |  502.5 |
       Dungeon |   1005 |   1001 |      4 |      0 |    909 |   2 |  502.5 |
               +--------+--------+--------+--------+--------+-----+--------+

Top non-repeatable levels by time:
     D:1: 897 daAuts
     D:2: 107 daAuts
